 Dungeon Crawl Stone Soup version 0.23-b1-3-gdda8187c6f (webtiles) character file.

Game seed: 15564516535289453531

82 Gargoyl the Skirmisher (level 4, -7/58 HPs)
             Began as a Centaur Abyssal Knight on Feb 1, 2019.
             Was a Believer of Lugonu.
             Killed from afar by Sigmund (10 damage)
             ... with a puff of flame
             ... on level 2 of the Dungeon.
             The game lasted 00:02:57 (1756 turns).

Gargoyl the Skirmisher (Centaur Abyssal Knight)     Turns: 1756, Time: 00:02:58

Health: -7/58      AC: 22    Str: 20    XL:     4   Next: 21%
Magic:  5/5        EV:  1    Int: 11    God:    Lugonu [**....]
Gold:   120        SH:  0    Dex:  9    Spells: 3/3 levels left

rFire    . . .     SeeInvis .   a - +1 hand axe
rCold    . . .     Gourm    .   (no shield)
rNeg     + + +     Faith    .   (armour currently unavailable)
rPois    +         Spirit   .   (helmet currently unavailable)
rElec    .         Reflect  .   (cloak currently unavailable)
rCorr    .         Harm     .   (gloves currently unavailable)
MR       .....     NoTele   +   (no barding)
Stlth    +.........             (no amulet)
HPRegen  0.19/turn              (no ring)
MPRegen  0.09/turn              (no ring)

@: mighty, tree-form
A: large
a: Depart the Abyss, Bend Space, Renounce Religion


You were on level 2 of the Dungeon.
You worshipped Lugonu.
Lugonu was pleased with you.
You were hungry.
You were a tree.
You visited 1 branch of the dungeon, and saw 2 of its levels.
You visited the Abyss 1 time.

You collected 120 gold pieces.

Inventory:

Hand Weapons
 a - a +1 hand axe (weapon)
Armour
 d - a +0 plate armour (melded)
Scrolls
 b - a scroll of teleportation {unknown}
 f - a scroll of random uselessness {unknown}
 i - a scroll of blinking {unknown}
 l - 3 scrolls of identify {unknown}
 m - 2 scrolls of enchant weapon {unknown}
 n - a scroll of remove curse {unknown}
 o - a scroll of fear {unknown}
Potions
 e - a potion of flight
 g - a potion of agility {unknown}
 h - a potion of berserk rage {unknown}
Comestibles
 c - 6 rations


   Skills:
 + Level 3.6 Fighting
 + Level 2.3 Axes
 * Level 2.1 Armour
 * Level 1.2 Dodging
 * Level 2.6 Invocations


You had 3 spell levels left.
You didn't know any spells.
Your spell library was empty.

Dungeon Overview and Level Annotations

Branches:
Dungeon (2/15)

Altars:

Annotations:
D:2 Sigmund


Innate Abilities, Weirdness & Mutations

((You have hooves in place of feet.))
((Armour fits poorly on your strangely shaped body.))
((You cover ground very quickly.))
((You have extremely tough skin. (AC +3)))


Message History

Unknown command.
Your plate armour prevents you from hitting something.
Something hits you.
* * * LOW HITPOINT WARNING * * *
Something hits you.
* * * LOW HITPOINT WARNING * * *
It was a potion of flight.
You feel very buoyant.
You fly up into the air.
You feel less confused. Something hits you but does no damage.
It was a potion of might.
You feel very mighty all of a sudden.
It was a potion of lignification.
You turn into a tree.
Your +0 plate armour melds into your body.
Your roots penetrate the ground.
You hear some strange, mumbled words.
A puff of flame appears from out of thin air!
The puff of flame hits you!
You die...

..# .. ..... ... ...# #### ....
...# ...### ##..## ... .(.#
##.....# #.# ##{###..# #.#
####[####### ..#♣....# #.#
............ #.##....####.#
####.###### #.###.#...##.######
.>##...## #.#...###.........#
#....#..######.#.### ###.......#
####......†....#.### #.......#
######.###......# ###....####
#...##...#...#....###
###########.#...####...##.#######


There were no monsters in sight!

Vanquished Creatures
  Jessica (D:2)
  An adder (D:2)
  A worm (D:2)
  A dart slug (D:1)
  2 leopard geckos (D:2)
  A ball python (D:1)
  A giant cockroach (D:1)
  5 goblins
  3 hobgoblins
  3 jackals (D:2)
  5 bats
  3 frilled lizards
  7 kobolds
  7 rats
41 creatures vanquished.

Notes
Turn   | Place    | Note
-------+----------+-------------------------------------------
     0 | Abyss:1  | Gargoyl the Centaur Abyssal Knight began the quest for the
                  | Orb.
     0 | Abyss:1  | Reached XP level 1. HP: 19/19 MP: 2/2
    36 | Abyss:2  | Noticed a small abomination
    43 | Abyss:2  | Noticed a black bear
    68 | Abyss:2  | Noticed a golden eye
    69 | Abyss:2  | Noticed a tentacled starspawn
    71 | D:1      | Escaped the Abyss
   195 | D:1      | Reached XP level 2. HP: 8/26 MP: 3/3
   290 | D:1      | Reached * piety under Lugonu
   952 | D:2      | Reached skill level 1 in Dodging
  1023 | D:2      | Reached XP level 3. HP: 23/31 MP: 4/4
  1259 | D:2      | Noticed Jessica
  1269 | D:2      | Killed Jessica
  1504 | D:2      | Reached XP level 4. HP: 24/38 MP: 5/5
  1701 | D:2      | Reached ** piety under Lugonu
  1731 | D:2      | Noticed Sigmund
  1756 | D:2      | Killed from afar by Sigmund

Skill      XL: |  1  2  3 |
---------------+----------+-----
Dodging        | 1 |  1.2
Axes           | 2 |  2.3
Armour         | 2 |  2.1
Fighting       | |  3.6
Invocations    | |  2.6

Action                   |  1- 3 |  4- 6 || total
-------------------------+-------+-------++-------
Melee: Hand axe          |   103 |    30 ||   133
       Kick              |    11 |     4 ||    15
Invok: Depart the Abyss  |     1 |       ||     1
  Use: Potion            |       |     3 ||     3
  Eat: Chunk             |     1 |       ||     1
Armor: Plate armour      |   137 |    16 ||   153
Dodge: Dodged            |    19 |     1 ||    20
